 Dungeon Crawl Stone Soup version 0.18.1-50-g88ac8fd (webtiles) character file.

158 lorenzova the Ducker (level 5, 0/43 HPs)
             Began as a Merfolk Skald on Oct 18, 2016.
             Slain by Terence
             ... wielding a +0 flail
              (2 damage)
             ... on level 3 of the Dungeon.
             The game lasted 00:03:41 (2029 turns).

lorenzova the Ducker (Merfolk Skald)                Turns: 2029, Time: 00:03:42

Health: 0/43       AC:  9    Str: 13    XL:     5   Next: 39%
Magic:  5/8        EV: 12    Int: 11    God:
Gold:   191        SH:  0    Dex: 14    Spells: 2 memorised, 5 levels left

rFire  . . .     SeeInvis .     a - +0 spear
rCold  . . .     Gourm    .     p - +3 ring mail
rNeg   . . .     Faith    .     (no shield)
rPois  .         Spirit   .     (no helmet)
rElec  .         Dismiss  .     (no cloak)
rCorr  .         Reflect  .     g - +0 pair of gloves
SustAt .         Harm     .     (no boots)
MR     .....                    (no amulet)
Stlth  +.........               (no ring)
                                (no ring)

@: infused, very slightly contaminated, not resistant to hostile enchantments,
very unstealthy
A: change form in water, swift swim
a: no special abilities


You were on level 3 of the Dungeon.
You were not hungry.

You visited 1 branch of the dungeon, and saw 3 of its levels.

You collected 191 gold pieces.

Inventory:

Hand Weapons
 a - a +0 spear (weapon)
Armour
 g - a +0 pair of gloves (worn)
 p - a +3 ring mail (worn)
Scrolls
 f - 3 scrolls of identify {unknown}
 h - a scroll of amnesia {unknown}
 j - 2 scrolls of remove curse {unknown}
 n - a scroll of fear {unknown}
 o - a scroll of magic mapping {unknown}
 q - a scroll of blinking {unknown}
Potions
 b - a potion of haste {unknown}
 e - a potion of mutation {unknown}
 r - a potion of heal wounds {unknown}
 s - a potion of agility {unknown}
Books
 c - a book of Battle

   Spells                             Type                      Level
   a - Infusion                       Charms                       1
   b - Shroud of Golubria             Charms/Translocation         2
   c - Song of Slaying                Charms                       2
   d - Spectral Weapon                Hexes/Charms                 3
   e - Regeneration                   Charms/Necromancy            3
Comestibles
 d - 3 bread rations
 i - a slice of pizza
 k - a fruit
 l - a beef jerky
 m - 2 meat rations


   Skills:
 - Level 4.4 Fighting
 - Level 3.0 Polearms
 - Level 0.6 Armour
 - Level 4.7 Dodging
 + Level 2.0 Spellcasting
 + Level 3.2 Charms


You had 5 spell levels left.
You knew the following spells:

 Your Spells              Type           Power        Failure   Level  Hunger
a - Infusion              Chrm           #...         17%         1    ##.....
b - Song of Slaying       Chrm           #.......     28%         2    ###....


Dungeon Overview and Level Annotations

Branches:
Dungeon (3/15)

Altars:
Cheibriados
Fedhas

Annotations:
D:3 Terence


Message History

The orc priest mumbles some strange prayers to Beogh against you.
Beogh smites you!
You barely miss the orc priest.
The orc priest is heavily wounded.
The orc priest invokes the aid of Beogh against you.
Beogh smites you!
* * * LOW HITPOINT WARNING * * *
You are too injured to fight recklessly!
You are too injured to fight recklessly!
You hit the orc priest.
The orc priest is heavily wounded.
Terence hits you with a flail.
* * * LOW HITPOINT WARNING * * *
The orc priest looks braver for a moment.
You barely miss the orc priest.
The orc priest is heavily wounded.
The orc priest hits you with a mace!
* * * LOW HITPOINT WARNING * * *
Terence hits you with a flail.
You die...

## ##### #. #...#
#.##.##.#### #..........##
#.....##o@...# .......
#@.<..# ##..... ##....#
#.o....###....#####
#.####............########
. .......................[
##..........^.########
..###............#
.......).........#
..##.#############


You could see Terence and an orc priest.

Vanquished Creatures
  Natasha (thrice) (D:2)
  2 adders (D:2)
  3 worms
  2 dart slugs (D:1)
  A giant gecko (D:3)
  15 bats
  A giant cockroach (D:2)
  4 goblins
  8 hobgoblins
  A quokka (D:2)
  2 giant newts (D:1)
  8 kobolds
  5 rats
55 creatures vanquished.

Notes
Turn   | Place    | Note
--------------------------------------------------------------
     0 | D:1      | lorenzova the Merfolk Skald began the quest for the Orb.
     0 | D:1      | Reached XP level 1. HP: 16/16 MP: 3/3
    55 | D:1      | Reached XP level 2. HP: 21/23 MP: 5/5
   443 | D:1      | Learned a level 2 spell: Song of Slaying
   721 | D:1      | Reached XP level 3. HP: 29/29 MP: 6/6
  1030 | D:2      | Found a snail-covered altar of Cheibriados.
  1030 | D:2      | Noticed Natasha
  1038 | D:2      | Killed Natasha
  1038 | D:2      | Reached XP level 4. HP: 14/37 MP: 0/7
  1335 | D:2      | Noticed Natasha
  1384 | D:2      | Killed Natasha
  1463 | D:2      | Found a blossoming altar of Fedhas.
  1501 | D:2      | Reached XP level 5. HP: 40/42 MP: 8/8
  1719 | D:2      | Noticed Natasha
  1770 | D:2      | Killed Natasha
  2026 | D:3      | Noticed Terence
  2029 | D:3      | HP: 2/43 [orc priest/mace (7)]
  2029 | D:3      | Slain by Terence

Skill      XL: |  1  2  3  4 |
---------------+-------------+-----
Dodging        | 2 3 4 |  4.7
Fighting       | 3 4 |  4.4
Polearms       | |  3.0
Armour         | |  0.6
Spellcasting   | |  2.0
Charms         | |  3.2

Action                   |  1- 3 |  4- 6 || total
-------------------------+-------+-------++-------
Melee: Spear             |   132 |   176 ||   308
 Cast: Infusion          |     3 |     3 ||     6
  Eat: Chunk             |     1 |     3 ||     4
Armor: Leather armour    |    26 |       ||    26
       Ring mail         |    18 |    33 ||    51
Dodge: Dodged            |    88 |    62 ||   150
